 Dungeon Sprint DCSS version 0.31-a0-43-g46d131a48f (webtiles) character file.

Game seed: 7297993048693231291

3840 bmack86 the Severer (level 9, -5/93 HPs)
             Began as a Minotaur Fighter on May 19, 2023.
             Was an Elder of Okawaru.
             Slain by a blink frog (10 damage)
             ... in the Dungeon (Sprint IX: "|||||||||||||||||||||||||||||").
             The game lasted 00:05:25 (648 turns).

bmack86 the Severer (Minotaur Fighter)               Turns: 648, Time: 00:05:25

Health: -5/93      AC: 21    Str: 28    XL:     9   Next: 98%
Magic:  14/14      EV: 10    Int:  8    God:    Okawaru [****..]
Gold:   0          SH:  5    Dex: 10    Spells: 8/8 levels left

rFire   . . .        m - +5 broad axe (heavy)
rCold   . . .        c - +0 buckler
rNeg    . . .        p - +0 plate armour
rPois   .            (helmet restricted)
rElec   .            n - +0 cloak
rCorr   .            o - +0 pair of gloves
SInv    .            (no boots)
Will    .....        (no amulet) Stlth
                     q - +3 ring of intelligence
HPRegen 0.35/turn    r - +3 ring of strength
MPRegen 0.14/turn

%: no teleportation
@: heroic
A: horns 2, retaliatory headbutt
a: Renounce Religion, Heroism, Finesse


You were in the Dungeon.
You worshipped Okawaru.
Okawaru was greatly pleased with you.
You visited 1 branch

Inventory:

Hand Weapons
 m - a +5 heavy broad axe (weapon)
Missiles
 a - 3 curare-tipped darts
Armour
 c - a +0 buckler (worn)
 n - a +0 cloak (worn)
 o - a +0 pair of gloves (worn)
 p - a +0 plate armour (worn)
Jewellery
 q - a +3 ring of intelligence (left hand)
 r - a +3 ring of strength (right hand)
Wands
 l - a wand of quicksilver (8) (quivered)
Scrolls
 g - 4 scrolls of identify
 j - 3 scrolls of blinking
 k - 2 scrolls of amnesia
 s - a scroll of fear
Potions
 b - 2 potions of resistance
 d - a potion of mutation
 e - 6 potions of curing
 f - 5 potions of heal wounds
 h - 4 potions of magic
 i - a potion of invisibility


   Skills:
 + Level 13.0(18.0) Fighting
 * Level 17.5(22.5) Axes
 + Level 3.0(8.0) Throwing
 + Level 13.0(18.0) Armour
 - Level 3.6(8.6) Shields
 + Level 9.3 Invocations
 + Level 2.7 Evocations


You had 8 spell levels left.
You didn't know any spells.
Your spell library contained the following spells:

 Spells                   Type           Power      Damage    Failure   Level
 Dazzling Flash           Conj/Hex       0%         N/A       100%        3
 Agony                    Necr           0%         N/A       100%        5
 Silence                  Hex/Air        0%         N/A       100%        5


Dungeon Overview and Level Annotations

Branches:
Dungeon (1/1)

Altars:
Cheibriados
Dithmenos
Elyvilon
Fedhas
Gozag
Hepliaklqana
Kikubaaqudgha
Makhleb
Nemelex Xobeh
Okawaru
Qazlal
Ru
Sif Muna
Trog
Uskayaw
Vehumet
Wu Jian
Xom
Yredelemnul
Zin
The Shining One
Jiyva
Lugonu


Innate Abilities, Weirdness & Mutations

You have a pair of horns on your head.
You reflexively headbutt those who attack you in melee.


Message History

Your Invocations skill increases to level 9!
Your Evocations skill increases to level 2!
You barely miss the water moccasin.
The blink frog croaks.
The water moccasin closely misses you. The water moccasin bites you.
You closely miss the water moccasin. You headbutt the water moccasin.
The water moccasin is moderately wounded.
The water moccasin bites you but does no damage.
You slash the water moccasin! You headbutt the water moccasin.
The water moccasin is almost dead.
The water moccasin bites you but does no damage.
You slice the water moccasin!!
You kill the water moccasin!
Okawaru accepts your kill.
You chop the rime drake into pieces!!!
You kill the rime drake!
Okawaru accepts your kill.
The blink frog blinks! x2
Your base Fighting skill increases to level 13!
Your base Throwing skill increases to level 3!
Your base Armour skill increases to level 13!
You closely miss the komodo dragon.
The blink frog blinks!
The komodo dragon bites you!
You hit the komodo dragon but do no damage.
The komodo dragon bites you but does no damage.
The blink frog blinks!
You slash the komodo dragon!
The komodo dragon is moderately wounded.
You slash the blink frog! The blink frog hits you.
The blink frog blinks!
The komodo dragon bites you!
You barely miss the komodo dragon.
The komodo dragon is moderately wounded.
You hit the blink frog. The komodo dragon bites you!
* * * LOW HITPOINT WARNING * * *
The blink frog hits you!
* * * LOW HITPOINT WARNING * * *
You slash the komodo dragon!
The komodo dragon is heavily wounded.
You closely miss the blink frog. The blink frog hits you!
You die...

▓▓▓▓▓▓▓▓▓▓▓▓▓▓▓▓▓▓▓▓▓▓▓▓▓
......Yl@F...)......'....
▓▓▓▓▓▓▓▓▓▓▓▓▓▓▓▓▓▓▓▓▓▓▓▓▓▓▓▓▓▓▓▓▓
.................................
▓▓▓▓▓▓▓▓▓▓▓▓▓▓▓▓▓▓▓▓▓▓▓▓▓▓▓▓▓▓▓▓▓
___________________'....††....)'.
▓▓▓▓▓▓▓▓▓▓▓▓▓▓▓▓▓▓▓▓▓▓▓▓▓▓▓▓▓▓▓▓▓


You could see a komodo dragon, a yak and a blink frog.

Vanquished Creatures
  Sonja (D)
  An ugly thing (D)
  A manticore (D)
  A gargoyle (D)
  An unseen horror (D)
  A rime drake (D)
  3 komodo dragons (D)
  A shadow (D)
  A wraith (D)
  A yak (D)
  A vampire mosquito (D)
  A water moccasin (D)
  A wolf (D)
  2 centaurs (D)
  A scorpion (D)
  A hound (D)
  A gnoll bouda (D)
  2 iguanas (D)
  An orc wizard (D)
  An adder (D)
  A bat (D)
  A giant cockroach (D)
  A hobgoblin (D)
  A kobold (D)
  A goblin (D)
29 creatures vanquished.

Notes
Turn   | Place    | Note
-------+----------+-------------------------------------------
     0 | D        | bmack86 the Minotaur Fighter began the quest for the Orb.
     0 | D        | Reached XP level 1. HP: 19/19 MP: 0/0
     5 | D        | Reached skill level 3 in Axes
    28 | D        | Noticed a scorpion
    28 | D        | Noticed an iguana
    28 | D        | Noticed a hound
    28 | D        | Noticed an iguana
    33 | D        | Killed an iguana
    34 | D        | Reached skill level 5 in Fighting
    34 | D        | Reached skill level 5 in Axes
    34 | D        | Reached skill level 5 in Armour
    34 | D        | Reached XP level 2. HP: 27/29 MP: 1/1
    34 | D        | Reached XP level 3. HP: 35/36 MP: 2/2
    35 | D        | Reached skill level 6 in Axes
    37 | D        | Reached skill level 7 in Axes
    37 | D        | Reached XP level 4. HP: 37/44 MP: 3/3
    44 | D        | Killed a scorpion
    45 | D        | Reached skill level 9 in Axes
    45 | D        | Reached XP level 5. HP: 25/52 MP: 4/4
    50 | D        | Found a snail-covered altar of Cheibriados.
    50 | D        | Found a shadowy altar of Dithmenos.
    50 | D        | Found a white marble altar of Elyvilon.
    50 | D        | Found a blossoming altar of Fedhas.
    50 | D        | Found an opulent altar of Gozag.
    51 | D        | Found a hazy altar of Hepliaklqana.
    52 | D        | Found a viscous altar of Jiyva.
    53 | D        | Found an ancient bone altar of Kikubaaqudgha.
    54 | D        | Found a corrupted altar of Lugonu.
    55 | D        | Found a burning altar of Makhleb.
    56 | D        | Found a sparkling altar of Nemelex Xobeh.
    57 | D        | Found an iron altar of Okawaru.
    58 | D        | Found a stormy altar of Qazlal.
    59 | D        | Found a sacrificial altar of Ru.
    60 | D        | Found a shimmering blue altar of Sif Muna.
    61 | D        | Found a bloodstained altar of Trog.
    62 | D        | Found a hide-covered altar of Uskayaw.
    63 | D        | Found a radiant altar of Vehumet.
    64 | D        | Found an ornate altar of the Wu Jian Council.
    65 | D        | Became a worshipper of Warmaster Okawaru
    66 | D        | Found a shimmering altar of Xom.
    67 | D        | Found a basalt altar of Yredelemnul.
    68 | D        | Found a glowing silver altar of Zin.
    69 | D        | Found a glowing golden altar of the Shining One.
   130 | D        | Noticed a shadow
   130 | D        | Noticed a centaur
   130 | D        | Noticed a centaur
   130 | D        | Noticed a yak
   134 | D        | Killed a yak
   135 | D        | Reached skill level 10 in Axes
   135 | D        | Reached XP level 6. HP: 54/61 MP: 4/7
   137 | D        | Killed an unseen horror
   137 | D        | Reached * piety under Okawaru
   138 | D        | Reached skill level 12 in Axes
   143 | D        | Reached XP level 7. HP: 44/70 MP: 5/9
   145 | D        | Reached skill level 5 in Invocations
   147 | D        | Killed a shadow
   147 | D        | Reached ** piety under Okawaru
   148 | D        | Reached skill level 10 in Fighting
   148 | D        | Reached skill level 13 in Axes
   148 | D        | Reached skill level 10 in Armour
   313 | D        | Noticed a wraith
   313 | D        | Noticed a manticore
   313 | D        | Noticed a gargoyle
   313 | D        | Noticed a vampire mosquito
   313 | D        | Noticed a purple ugly thing
   316 | D        | Killed a purple ugly thing
   317 | D        | Reached skill level 14 in Axes
   317 | D        | Reached XP level 8. HP: 79/81 MP: 8/11
   326 | D        | Killed a gargoyle
   327 | D        | Reached skill level 15 in Axes
   329 | D        | Killed a manticore
   329 | D        | Reached *** piety under Okawaru
   334 | D        | Reached XP level 9. HP: 71/90 MP: 10/13
   373 | D        | Noticed Sonja
   378 | D        | Killed Sonja
   379 | D        | Reached skill level 16 in Axes
   627 | D        | Noticed a rime drake
   627 | D        | Noticed a komodo dragon
   627 | D        | Noticed a komodo dragon
   627 | D        | Noticed a komodo dragon
   629 | D        | Noticed a komodo dragon
   632 | D        | Killed a komodo dragon
   633 | D        | Reached skill level 1 in Throwing
   633 | D        | Reached skill level 1 in Evocations
   635 | D        | Killed a komodo dragon
   635 | D        | Received a gift from Okawaru
   636 | D        | Reached skill level 17 in Axes
   637 | D        | Killed a komodo dragon
   637 | D        | Reached **** piety under Okawaru
   642 | D        | Killed a rime drake
   648 | D        | Slain by a blink frog

Illustrated notes

Levels and vault maps discovered:
D:        linesprint [early_d, line_temple, items_1, d_10, items_2, lair_1,
          lair_end, items_3, orc_1, orc_end, items_4, d_15, swamp_1, shoals_1,
          snake_1, spider_1, d_20, vaults_1, items_5, swamp_end, shoals_end,
          snake_end, spider_end, vaults_end, d_27, items_6, zot_1, zot_end,
          crypt_end, forest_end, elf_end, slime_end, tomb_end, abyss_end,
          pan_hell_end]

Skill      XL: |  1  2  3  4  5  6  7  8  9 |
---------------+----------------------------+-----
Axes           | 5 7 9 10 12 14 15 17 | 17.5
Fighting       | 5 6 7 8 9 10 11 13 | 13.0
Armour         | 5 6 7 8 9 10 11 13 | 13.0
Invocations    | 3 4 6 7 9 |  9.3
Throwing       | 3 |  3.0
Evocations     | 2 |  2.7
Shields        | |  3.6

Action                     |  1- 3 |  4- 6 |  7- 9 || total
---------------------------+-------+-------+-------++-------
  Melee: War axe           |    12 |     8 |       ||    20
         Headbutt          |     3 |     2 |     8 ||    13
         Broad axe         |       |    10 |    42 ||    52
 Invoke: Heroism           |       |       |     2 ||     2
  Evoke: Wand              |       |       |     2 ||     2
    Use: Potion            |     1 |     1 |     1 ||     3
         Scroll            |       |       |     4 ||     4
 Armour: Scale mail        |     2 |     2 |       ||     4
         Plate armour      |       |    13 |    17 ||    30
  Dodge: Dodged            |     4 |    10 |    10 ||    24
  Block: Buckler           |       |     8 |     9 ||    17

Table legend: (Time is in decaauts)
 A = Elapsed time spent in this place.
 B = Non-inter-level travel time spent in this place.
 C = Inter-level travel time spent in this place.
 D = Time resting spent in this place.
 E = Time spent auto-exploring this place.
 F = Levels seen in this place.
 G = Mean time per level.
                   A        B        C        D        E       F      G
               +--------+--------+--------+--------+--------+-----+--------+
         Total |    667 |    667 |      0 |    354 |     44 |   1 |  667.0 |
       Dungeon |    667 |    667 |      0 |    354 |     44 |   1 |  667.0 |
               +--------+--------+--------+--------+--------+-----+--------+

Top non-repeatable levels by time:
       D: 667 daAuts
